 Dungeon Crawl Stone Soup version 0.30.1-11-g7821555f0a (webtiles) character file.

Game seed: 4492938260508783414

13241 12user21 the Severer (level 12, -2/110 HPs)
             Began as a Hill Orc Fighter on Dec 18, 2023.
             Was an Initiate of Gozag.
             Shot with an arrow by a centaur (10 damage)
             ... on level 11 of the Dungeon.
             The game lasted 00:26:21 (14804 turns).

12user21 the Severer (Hill Orc Fighter)            Turns: 14804, Time: 00:26:22

Health: -2/110     AC: 28    Str: 24    XL:     12   Next: 3%
Magic:  12/12      EV:  4    Int:  8    God:    Gozag
Gold:   776        SH:  4    Dex: 10    Spells: 11/11 levels left

rFire   + . .        O - +6 hand axe
rCold   + . .        c - +0 buckler
rNeg    . . .        o - +0 gold dragon scales
rPois   +            g - +2 hat {Will+}
rElec   .            F - +1 cloak
rCorr   .            v - +0 pair of gloves
SInv    .            (no boots)
Will    +....        (no amulet) Stlth
                     K - +4 ring of protection
HPRegen 0.38/turn    q - +4 ring of protection
MPRegen 0.13/turn

%: no passive effects
@: mighty, about to teleport
A: no striking features
a: Renounce Religion, Potion Petition, Call Merchant, Bribe Branch


You were on level 11 of the Dungeon.
You worshipped Gozag.
Gozag was pleased with you.
You visited 3 branches of the dungeon, and saw 13 of its levels.
You also visited: Sewer.

You collected 2137 gold pieces.
You spent 136 gold pieces at shops.
You paid 1225 gold pieces to Gozag.

Inventory:

Hand Weapons
 a - a +0 war axe
 O - a +6 hand axe (weapon)
Missiles
 L - 31 poisoned darts (quivered)
 P - 2 curare-tipped darts
 R - 2 throwing nets
Armour
 c - a +0 buckler (worn)
 g - a +2 hat of willpower (worn)
 j - the +0 helmet "Asenwar" {*Slow rElec rF- Str+7}
   (You found it on level 8 of the Dungeon)

   Str:       It affects your strength (+7).
   rF:        It makes you vulnerable to fire.
   rElec:     It insulates you from electricity.
   *Slow:     It may slow you when you take damage.
 o - +0 gold dragon scales (worn)
 v - a +0 pair of gloves (worn)
 F - a +1 cloak (worn)
Jewellery
 k - a ring of poison resistance
 q - a +4 ring of protection (right hand)
 K - a +4 ring of protection (left hand)
 T - a +6 ring of dexterity
Wands
 s - a wand of quicksilver (2)
 y - a wand of paralysis (30)
 A - a wand of flame (6)
 I - a wand of digging (7)
 N - a wand of polymorph (6)
 Q - a wand of iceblast (6)
Scrolls
 f - 4 scrolls of fear
 n - a scroll of torment
 r - 4 scrolls of teleportation
 u - 4 scrolls of poison
 z - 3 scrolls of fog {unknown}
 B - a scroll of magic mapping {unknown}
 C - a scroll of vulnerability {unknown}
 D - 2 scrolls of enchant armour {unknown}
 E - 5 scrolls of enchant weapon {unknown}
 H - a scroll of butterflies
 S - a scroll of brand weapon {unknown}
Potions
 b - 2 potions of magic {unknown}
 d - a potion of might
 e - a potion of mutation {unknown}
 h - 2 potions of lignification {unknown}
 i - 6 potions of heal wounds {unknown}
 l - 2 potions of brilliance {unknown}
 m - 4 potions of curing
 p - 4 potions of attraction {unknown}
 t - 2 potions of cancellation {unknown}
 w - 3 potions of resistance {unknown}
 G - 4 potions of haste
 J - a potion of berserk rage {unknown}
 M - 2 potions of flight {unknown}


   Skills:
 + Level 11.5 Fighting
 * Level 18.7 Axes
 + Level 2.6 Throwing
 * Level 5.9 Armour
 + Level 2.3 Dodging
 + Level 4.7 Shields
 + Level 2.8 Evocations


You had 11 spell levels left.
You didn't know any spells.
Your spell library contained the following spells:

 Spells                   Type           Power      Damage    Failure   Level
 Magic Dart               Conj           0%         1d3       100%        1
 Lesser Beckoning         Tloc           0%         N/A       100%        2
 Searing Ray              Conj           0%         2d4       100%        2
 Static Discharge         Conj/Air       0%         2-2/arc   100%        2
 Gell's Gravitas          Tloc           0%         N/A       100%        3
 Ozocubu's Armour         Ice            0%         N/A       100%        3
 Portal Projectile        Hex/Tloc       0%         N/A       100%        3
 Summon Guardian Golem    Hex/Summ       0%         N/A       100%        3
 Teleport Other           Tloc           0%         N/A       100%        3
 Tukima's Dance           Hex            0%         N/A       100%        3
 Volatile Blastmotes      Fire/Tloc      0%         2d10      100%        3
 Airstrike                Air            0%         2d(0-16)  100%        4
 Fulminant Prism          Conj/Hex       0%         3d5       100%        4
 Iskenderun's Mystic Bla  Conj/Tloc      0%         2d3       100%        4
 Summon Lightning Spire   Summ/Air       0%         N/A       100%        4
 Blade Hands              Tmut           0%         N/A       100%        5
 Lee's Rapid Deconstruct  Erth           0%         3d4*      100%        5
 Metabolic Englaciation   Hex/Ice        0%         N/A       100%        5
 Orb of Destruction       Conj           0%         9d5       100%        7
 Spellforged Servitor     Conj/Summ      0%         N/A       100%        7
 Chain Lightning          Conj/Air       0%         N/A       100%        9
 Fire Storm               Conj/Fire      0%         5d1       100%        9
 Shatter                  Erth           0%         3d5*      100%        9
 Simulacrum               Ice/Necr       Unusable   N/A       N/A         6

Dungeon Overview and Level Annotations

Branches:
Dungeon (11/15)            Temple (1/1) D:4            Lair (0/5) D:10
    Orc (1/2) D:10          Sewer (visited)

Altars:
Ashenzari
Dithmenos
Elyvilon
Fedhas
Gozag
Hepliaklqana
Kikubaaqudgha
Makhleb
Nemelex Xobeh
Qazlal
Ru
Sif Muna
Trog
Vehumet
Wu Jian
Xom
Yredelemnul
Zin
The Shining One

Shops:
D:9 (   D:10 *=*

Annotations:
D:11 Sonja


Message History

The orc warlord is moderately wounded.
You hit the orc warlord but do no damage.
The orc warlord is moderately wounded.
The orc warlord hits you with a +3 war axe of freezing.
You completely miss the orc warlord.
The orc warlord is moderately wounded.
The orc warlord hits you with a +3 war axe of freezing!
The orc warlord freezes you.
You hit the orc warlord.
The orc warlord is moderately wounded.
The orc warlord blocks your attack.
The orc warlord is moderately wounded.
The orc warlord hits you with a +3 war axe of freezing!
* * * LOW HITPOINT WARNING * * *
The orc warlord freezes you.
* * * LOW HITPOINT WARNING * * *
Blink to where?
Press: ? - help, Dir - move target
As you read the scroll of blinking, it crumbles to dust.
You climb downwards.
Level annotation: Sonja The troll shouts!
You hear a shout!
There is a stone staircase leading up here.
A centaur comes into view.
The centaur shouts!
The centaur wields a +0 shortbow.
The centaur shoots an arrow.
The arrow completely misses you. The troll bites you!
* * * LOW HITPOINT WARNING * * *
The troll claws you but does no damage. The troll completely misses you.
You hear a shout!
As you read the scroll of teleportation, it crumbles to dust.
You feel strangely unstable. You block the troll's attack. The troll claws you.
* * * LOW HITPOINT WARNING * * *
You block the troll's attack.
The centaur shoots an arrow.
The arrow hits you.
* * * LOW HITPOINT WARNING * * *
The troll attacks as you move away! The troll bites you but does no damage.
The troll claws you but does no damage. x2; The centaur shoots an arrow.
The arrow hits you!
You die...
Your body crumbles into a pile of gold.

#. .. #. ...
#.#####+##...
#.........c.#
#...........'
#...........#
#...........#
#..@.T....|.#
#..######+#.#
#..# #..# #..#
##
#..########...
#.............
#.............
#####..###+##.


You could see a troll and a centaur.

Vanquished Creatures
  Harold (D:10)
  A two-headed ogre (D:10)
  Pikel (D:4)
  An orc sorcerer (D:10)
  A cyclops (D:10)
  Maggie (D:6)
  5 unseen horrors (D:11)
  The ghost of raetorn the Gusty, a novice DsAE of Ignis (D:7)
  A troll (D:11)
  2 hornets
  5 wyverns
  A wraith (D:11)
  A shadow (D:9)
  16 yaks
  A vampire mosquito (D:11)
  Edmund (D:4)
  An acid dragon (D:9)
  3 water moccasins
  6 orc warriors
  Pargi (D:4)
  3 black bears
  4 ice beasts
  6 centaurs
  3 ogres
  2 kobold brigands
  A lemure (D:4)
  A phantom (D:6)
  A gnoll sergeant (D:8)
  5 scorpions
  3 bullfrogs
  4 wights (D:9)
  9 killer bees
  A centaur zombie (D:8)
  A crimson imp (D:7)
  A gnoll bouda (D:8)
  2 jellies
  7 orc priests
  2 hounds
  Jessica (D:2)
  Ijyb (D:3)
  Terence (D:2)
  2 iguanas
  7 orc wizards
  A killer bee zombie (D:8)
  11 gnolls
  6 adders
  2 shadow imps
  A white imp (D:6)
  An ufetubus (D:7)
  2 worms
  2 dart slugs
  26 orcs
  6 endoplasms
  9 giant cockroaches
  7 goblins
  5 hobgoblins
  6 jackals
  17 kobolds
  10 quokkas
  6 ball pythons
  17 bats
  2 frilled lizards
  A rat (D:3)
257 creatures vanquished.

Notes
Turn   | Place    | Note
-------+----------+-------------------------------------------
     0 | D:1      | 12user21 the Hill Orc Fighter began the quest for the Orb.
     0 | D:1      | Reached XP level 1. HP: 19/19 MP: 1/1
    13 | D:1      | Reached skill level 3 in Axes
   111 | D:1      | Reached XP level 2. HP: 26/26 MP: 2/2
   364 | D:1      | Reached skill level 4 in Axes
   430 | D:1      | Found a faded altar of an unknown god.
   546 | D:1      | Reached XP level 3. HP: 31/31 MP: 3/3
  1023 | D:2      | Noticed Terence
  1030 | D:2      | Killed Terence
  1031 | D:2      | Reached skill level 5 in Axes
  1031 | D:2      | Reached XP level 4. HP: 33/39 MP: 4/4
  1398 | D:2      | Reached skill level 6 in Axes
  1503 | D:2      | Noticed Jessica
  1505 | D:2      | Killed Jessica
  2142 | D:3      | Reached XP level 5. HP: 45/45 MP: 5/5
  2198 | D:3      | Found a white marble altar of Elyvilon.
  2198 | D:3      | Found a glowing silver altar of Zin.
  2899 | D:3      | Reached skill level 7 in Axes
  3190 | D:4      | Found a staircase to the Ecumenical Temple.
  3207 | Temple   | Entered the Ecumenical Temple
  3351 | Temple   | Became a worshipper of Gozag Ym Sagoz the Greedy
  3464 | D:4      | Noticed Pikel
  3464 | D:4      | Noticed a lemure
  3464 | D:4      | Noticed a lemure
  3464 | D:4      | Noticed a lemure
  3522 | D:4      | Noticed Ijyb
  3824 | D:3      | Killed Ijyb
  3825 | D:3      | Reached skill level 8 in Axes
  3825 | D:3      | Reached XP level 6. HP: 47/51 MP: 6/6
  4059 | D:4      | Killed Pikel
  4060 | D:4      | Reached skill level 11 in Axes
  4060 | D:4      | Reached XP level 7. HP: 25/60 MP: 7/7
  4123 | D:4      | Noticed Pargi
  4285 | D:4      | Killed Pargi
  4286 | D:4      | Reached skill level 5 in Fighting
  4286 | D:4      | Reached XP level 8. HP: 55/69 MP: 8/8
  5006 | D:4      | Noticed Edmund
  5043 | D:4      | HP: 2/69 [something (8)]
  5044 | D:4      | Killed Edmund
  5391 | D:5      | Entered Level 5 of the Dungeon
  5415 | D:5      | Found a shadowy altar of Dithmenos.
  5545 | D:5      | Found an ornate altar of the Wu Jian Council.
  5873 | D:5      | Found a sacrificial altar of Ru.
  5959 | D:5      | Reached XP level 9. HP: 69/85 MP: 9/9
  6193 | D:5      | Reached skill level 10 in Fighting
  6629 | D:6      | Found a glowing drain.
  6656 | Sewer    | Entered a sewer
  6870 | D:6      | Noticed Maggie
  6888 | D:6      | Killed Maggie
  7236 | D:6      | Reached skill level 12 in Axes
  7575 | D:6      | Found a bloodstained altar of Trog.
  7712 | D:6      | Reached skill level 13 in Axes
  8150 | D:7      | Reached XP level 10. HP: 74/95 MP: 10/10
  8153 | D:7      | Reached skill level 14 in Axes
  8390 | D:7      | Found a blossoming altar of Fedhas.
  8420 | D:7      | Identified the +2 leather armour of Melancholy {Drain Int+3
                  | Dex+8}
  8499 | D:7      | Found a runed translucent door.
  8499 | D:7      | Noticed raetorn's ghost (novice DsAE)
  8518 | D:7      | Found a radiant altar of Vehumet.
  8519 | D:7      | Found a burning altar of Makhleb.
  8693 | D:7      | Killed raetorn's ghost
  8995 | D:8      | Reached skill level 15 in Axes
  9276 | D:8      | Identified the +0 helmet "Asenwar" {*Slow rElec rF- Str+7}
  9327 | D:8      | Found a basalt altar of Yredelemnul.
 10153 | D:9      | Reached skill level 16 in Axes
 10431 | D:9      | Reached skill level 17 in Axes
 10886 | D:9      | Found Oqupy's Weapon Emporium.
 11509 | D:9      | Reached XP level 11. HP: 56/95 MP: 11/11
 11967 | D:10     | Entered Level 10 of the Dungeon
 11969 | D:10     | Found Inaahugg's Assorted Antiques.
 11977 | D:10     | Bought a sedimented white potion for 26 gold pieces
 11977 | D:10     | Bought a coppery potion for 26 gold pieces
 12002 | D:10     | Found a staircase to the Orcish Mines.
 12303 | D:10     | Reached skill level 18 in Axes
 12334 | D:10     | Noticed Harold
 12356 | D:10     | Reached skill level 1 in Throwing
 12432 | D:10     | Reached skill level 1 in Evocations
 12449 | D:10     | Reached skill level 1 in Dodging
 12651 | D:10     | Found Quemm's Jewellery Emporium.
 12763 | D:10     | Found a staircase to the Lair.
 12809 | D:10     | Noticed a cyclops
 12827 | D:10     | Killed Harold
 12833 | D:10     | Killed a cyclops
 12927 | D:10     | Found Toiwead's Assorted Antiques.
 12937 | D:10     | Bought a ruby potion for 28 gold pieces
 12937 | D:10     | Bought a coppery potion for 28 gold pieces
 12937 | D:10     | Bought a coppery potion for 28 gold pieces
 13436 | D:11     | Noticed Sonja
 13528 | D:11     | Found a frozen archway.
 13607 | D:11     | Reached skill level 5 in Armour
 13751 | D:11     | Noticed a deep elf pyromancer
 14132 | D:11     | Noticed a cyclops
 14174 | D:11     | Noticed a soul eater
 14188 | D:11     | Noticed a cyclops
 14519 | Orc:1    | Entered Level 1 of the Orcish Mines
 14519 | Orc:1    | Noticed a two-headed ogre
 14530 | D:10     | Killed a two-headed ogre
 14564 | Orc:1    | Noticed an orc sorcerer
 14568 | Orc:1    | Noticed an orc warlord
 14586 | D:10     | Killed an orc sorcerer
 14587 | D:10     | Reached XP level 12. HP: 109/110 MP: 12/12
 14804 | D:11     | Shot with an arrow by a centaur

Illustrated notes

Levels and vault maps discovered:
D:1:      beargit_arrival_greenhouse, layout_basic,
          dreamdust_ecumenical_altar_statues, minmay_misc_feat_columns,
          minmay_pentomino_x4
D:2:      layout_basic, uniq_jessica, uniq_terence
D:3:      layout_basic, mainiacjoe_overflow_divided_tiny
D:4:      layout_loops_ring, minmay_temple_entry_offerings, uniq_pargi,
          uniq_ijyb, uniq_edmund, uniq_pikel
D:5:      layout_loops_ring, nzn_wu_jian_contemplation,
          nicolae_ru_great_annihilating_truth, grunt_dithmenos_smoke
D:6:      layout_loops_ring, general_overflow_altar, gup_sewer_entry_pipe,
          uniq_maggie
D:7:      layout_rooms, grunt_temple_overflow_lords_of_destruction,
          nicolae_overflow_crystal_walls, hellmonk_ghost_happy_afterlife
D:8:      layout_basic, lemuel_zombie_altar_yredelemnul, nicolae_grassy_gnolls
D:9:      layout_cave_pods, serial_shops, shop
D:10:     layout_loops_ring, minmay_lair_entry_grove, orc_0_dummy, serial_shops,
          nicolae_shop_temple_entry_statues_fountains, shop, shop, uniq_harold
D:11:     nicolae_hexawheel, layout_irregular_city, gauntlet_entry_generic,
          portal_ice_cave_entry_pillars_2, uniq_sonja
Temple:   hc_temple_tempest_star
Orc:1:    layout_diamond_mine

Skill      XL: |  1  2  3  4  5  6  7  8  9 10 11 |
---------------+----------------------------------+-----
Axes           | 3 4 5 6 8 11 13 17 18 | 18.7
Fighting       | 4 5 9 11 | 11.5
Throwing       | 2 |  2.6
Evocations     | 2 |  2.8
Armour         | 5 |  5.9
Dodging        | 2 |  2.3
Shields        | 4 |  4.7

Action                     |  1- 3 |  4- 6 |  7- 9 | 10-12 || total
---------------------------+-------+-------+-------+-------++-------
  Melee: War axe           |    44 |   161 |   301 |   223 ||   729
         Hand axe          |       |       |       |   306 ||   306
  Throw: Dart              |       |       |       |     2 ||     2
 Invoke: Potion Petition   |       |       |       |     2 ||     2
    Use: Potion            |       |       |     1 |     1 ||     2
         Scroll            |       |       |       |    13 ||    13
   Stab: Paralysed         |       |       |     1 |       ||     1
         Distracted        |       |       |     1 |     2 ||     3
 Armour: Scale mail        |    22 |     6 |       |       ||    28
         Chain mail        |       |    93 |   212 |    70 ||   375
         Gold dragon scale |       |       |       |   339 ||   339
  Dodge: Dodged            |    24 |    64 |   103 |   101 ||   292
  Block: Buckler           |    12 |    46 |    82 |    83 ||   223
